 Dungeon Sprint DCSS version 0.17-a0-1646-geb1493d (webtiles) character file.

24671 Kidiri the Peltast (level 13, -5/88 HPs)
             Began as a Gargoyle Fighter on Aug 10, 2015.
             Was a High Priest of Okawaru.
             Slain by a stone giant (19 damage)
             ... in the Dungeon (Sprint IX: "|||||||||||||||||||||||||||||").
             The game lasted 00:18:03 (3157 turns).

Kidiri the Peltast (Gargoyle Fighter)               Turns: 3157, Time: 00:18:04

Health: -5/88      AC: 36    Str: 25    XL:     13   Next: 14%
Magic:  21/21      EV: 11    Int:  9    God:    Okawaru [*****.]
Gold:   1922       SH: 23    Dex: 12    Spells: 0 memorised, 12 levels left

rFire  . . .     SeeInvis +     D - +4 morningstar of the Omega Point {pain, rC+}
rCold  + . .     Clarity  .     s - +0 plate armour
rNeg   + . .     SustAt   .     G - +1 large shield
rPois  ∞         Gourm    .     r - +0 helmet
rElec  +         Spirit   .     E - +1 cloak
rCorr  .         Warding  .     q - +0 pair of gloves
rMut   .         NoTele   +     F - +1 pair of boots
MR     .....                    (no amulet)
Stlth  ..........               C - ring of see invisible
                                t - +3 ring of dexterity

@: not resistant to hostile enchantments, extremely unstealthy
A: negative energy resistance 1, electricity resistance, unbreathing,
petrification resistance, rot immunity, AC +9
a: Heroism, Finesse, Renounce Religion


You were in the Dungeon.
You worshipped Okawaru.
Okawaru was extremely pleased with you.
You were not hungry.

You visited 1 branch You collected 1922 gold pieces.

Inventory:

Hand weapons
 D - the +4 morningstar of the Omega Point (weapon) {pain, rC+}
   (You found it in the Dungeon)

   In the hands of one skilled in necromantic magic, it inflicts extra damage on
   living creatures.
   It protects you from cold.
Armour
 q - a +0 pair of gloves (worn)
 r - a +0 helmet (worn)
 s - a +0 plate armour (worn)
 E - a +1 cloak (worn)
 F - a +1 pair of boots (worn)
 G - a +1 large shield (worn)
Jewellery
 t - a +3 ring of dexterity (left hand)
 C - a ring of see invisible (right hand)
Magical devices
 p - a wand of fire (7)
 y - a wand of confusion (27)
Scrolls
 k - 6 scrolls of blinking
 n - 5 scrolls of remove curse
 o - 2 scrolls of amnesia
 w - a scroll of identify
 x - 2 scrolls of fear
 z - 2 scrolls of enchant weapon
Potions
 a - a potion of heal wounds
 c - a potion of cure mutation
 d - a potion of might
 f - 7 potions of curing
 g - 2 potions of brilliance
 h - a potion of haste
 i - 4 potions of magic
 j - a potion of berserk rage
 l - 2 potions of agility
 m - a potion of invisibility
Comestibles
 e - 11 bread rations
 v - 13 meat rations
 A - 40 fruits


   Skills:
 + Level 13.0 Fighting
 * Level 16.0 Maces & Flails
 * Level 17.2 Armour
 + Level 10.0 Dodging
 * Level 17.3 Shields
 - Level 10.9 Invocations


You had 12 spell levels left.
You didn't know any spells.

Dungeon Overview and Level Annotations

Branches:
Dungeon (1/1)

Altars:
Cheibriados
Dithmenos
Elyvilon
Fedhas
Gozag
Kikubaaqudgha
Makhleb
Nemelex Xobeh
Okawaru
Qazlal
Ru
Sif Muna
Trog
Vehumet
Xom
Yredelemnul
Zin
The Shining One
Beogh
Jiyva
Lugonu

Shops:
D %*!*


Innate Abilities, Weirdness & Mutations

You are resistant to torment.
Your stone body is resilient (AC +9).
You are immune to poison.
You resist negative energy.
You are resistant to electric shocks.
You can survive without breathing.
You are immune to petrification.
You are immune to rotting.


Message History

The stone giant is lightly wounded.
You block the stone giant's attack.
You hit the stone giant.
The stone giant is lightly wounded.
Your plate armour prevents you from hitting the stone giant.
The stone giant is lightly wounded.
You block the stone giant's attack.
You puncture the stone giant!
The stone giant is moderately wounded.
The stone giant hits you but does no damage.
You hit the stone giant.
The stone giant is moderately wounded.
The stone giant hits you!
* * * LOW HITPOINT WARNING * * *
You hit the stone giant but do no damage.
The stone giant is moderately wounded.
You puncture the stone giant!
The stone giant is heavily wounded.
The stone giant hits you!!
You die...

▓▓▓▓▓▓▓▓▓▓▓▓▓▓▓▓▓▓▓▓▓▓▓▓
......C@)(†)).)(........
▓▓▓▓▓▓▓▓▓▓▓▓▓▓▓▓▓▓▓▓▓▓▓▓▓▓▓▓▓▓▓▓▓
..............................)..
▓▓▓▓▓▓▓▓▓▓▓▓▓▓▓▓▓▓▓▓▓▓▓▓▓▓▓▓▓▓▓▓▓
.......'.....∩.∩(∩.∩.....')..)...
▓▓▓▓▓▓▓▓▓▓▓▓▓▓▓▓▓▓▓▓▓▓▓▓▓▓▓▓▓▓▓▓▓
.................................
▓▓▓▓▓▓▓▓▓▓▓▓▓▓▓▓▓▓▓▓▓▓▓▓▓▓▓▓▓▓▓▓▓
..'..[[.[..'.).).......÷'......%.


You could see a stone giant.

Vanquished Creatures
  A frost giant (D)
  3 dire elephants (D)
  Erolcha (D)
  An ice dragon (D)
  An ogre mage (D)
  A centaur warrior (D)
  A tengu warrior (D)
  7 orc high priests (D)
  3 unseen horrors (D)
  4 hill giants (D)
  6 orc knights (D)
  2 orc sorcerers (D)
  5 elephants (D)
  A black mamba (D)
  A spiny frog (D)
  4 komodo dragons (D)
  A slime creature (D)
  A wraith (D)
  2 yaks (D)
  A porcupine (D)
  4 water moccasins (D)
  11 orc warriors (D)
  A centaur (D)
  An ice beast (D)
  4 giant frogs (D)
  A crimson imp (D)
  2 iguanas (D)
  An orc wizard (D)
  5 orc priests (D)
  A worker ant (D)
  A sheep (D)
  An adder (D)
  2 river rats (D)
  A shadow imp (D)
  A giant gecko (D)
  7 orcs (D)
  A bat skeleton (D)
  A giant cockroach (D)
  A quokka (D)
  2 giant newts (D)
  A goblin (D)
  2 kobolds (D)
  A rat (D)
100 creatures vanquished.

Vanquished Creatures (others)
  A polar bear (shapeshifter) (D)
1 creature vanquished.

Grand Total: 101 creatures vanquished

Notes
Turn   | Place    | Note
--------------------------------------------------------------
     0 | D        | Kidiri the Gargoyle Fighter began the quest for the Orb.
     0 | D        | Reached XP level 1. HP: 14/14 MP: 1/1
    29 | D        | Reached skill level 4 in Shields
    37 | D        | Reached XP level 2. HP: 16/19 MP: 2/2
    39 | D        | Reached skill level 1 in Dodging
    61 | D        | Found a glowing silver altar of Zin.
    61 | D        | Found a glowing golden altar of the Shining One.
    61 | D        | Found an ancient bone altar of Kikubaaqudgha.
    61 | D        | Found a basalt altar of Yredelemnul.
    61 | D        | Found a shimmering altar of Xom.
    61 | D        | Found a radiant altar of Vehumet.
    62 | D        | Found an iron altar of Okawaru.
    63 | D        | Found a burning altar of Makhleb.
    64 | D        | Found a deep blue altar of Sif Muna.
    65 | D        | Found a bloodstained altar of Trog.
    66 | D        | Found a sparkling altar of Nemelex Xobeh.
    67 | D        | Found a white marble altar of Elyvilon.
    68 | D        | Found a roughly hewn altar of Beogh.
    69 | D        | Found a viscous altar of Jiyva.
    70 | D        | Became a worshipper of Warmaster Okawaru
    71 | D        | Found a corrupted altar of Lugonu.
    72 | D        | Found a blossoming altar of Fedhas.
    73 | D        | Found a snail-covered altar of Cheibriados.
    74 | D        | Found a shadowy altar of Dithmenos.
    75 | D        | Found a stormy altar of Qazlal.
    76 | D        | Found an opulent altar of Gozag.
    77 | D        | Found a sacrificial altar of Ru.
   218 | D        | Noticed a worker ant
   218 | D        | Noticed a wraith
   227 | D        | Reached XP level 3. HP: 21/24 MP: 3/3
   239 | D        | Killed a wraith
   239 | D        | Acquired Okawaru's first power
   239 | D        | Reached skill level 5 in Fighting
   239 | D        | Reached skill level 5 in Maces & Flails
   239 | D        | Reached skill level 6 in Armour
   239 | D        | Reached XP level 4. HP: 26/31 MP: 3/6
   239 | D        | Reached XP level 5. HP: 29/35 MP: 3/7
   284 | D        | Killed an unseen horror
   284 | D        | Reached skill level 8 in Maces & Flails
   284 | D        | Reached skill level 9 in Armour
   284 | D        | Reached skill level 5 in Invocations
   284 | D        | Reached XP level 6. HP: 27/42 MP: 7/10
   284 | D        | Reached XP level 7. HP: 30/47 MP: 7/11
   300 | D        | Killed a worker ant
   315 | D        | Noticed a yak
   315 | D        | Noticed an iguana
   315 | D        | Noticed a hill giant
   315 | D        | Noticed a crimson imp
   329 | D        | Killed a crimson imp
   356 | D        | Killed an unseen horror
   356 | D        | Reached skill level 10 in Armour
   356 | D        | Reached skill level 5 in Dodging
   356 | D        | Reached skill level 10 in Shields
   356 | D        | Reached XP level 8. HP: 23/53 MP: 12/12
   375 | D        | Killed a hill giant
   375 | D        | Acquired Okawaru's second power
   375 | D        | Reached XP level 9. HP: 39/59 MP: 11/14
   390 | D        | Killed an unseen horror
   390 | D        | Received a gift from Okawaru
   390 | D        | Reached skill level 10 in Maces & Flails
   390 | D        | Reached skill level 11 in Armour
   400 | D        | Killed an iguana
   407 | D        | Killed a yak
   678 | D        | Noticed a water moccasin
   678 | D        | Noticed a water moccasin
   678 | D        | Noticed a spiny frog
   678 | D        | Noticed a giant frog
   681 | D        | Noticed a water moccasin
   683 | D        | Noticed an iguana
   698 | D        | Killed a spiny frog
   700 | D        | Killed a giant frog
   705 | D        | Killed a water moccasin
   709 | D        | Killed a water moccasin
   718 | D        | Killed a water moccasin
   718 | D        | Reached skill level 12 in Shields
   721 | D        | Killed an iguana
   722 | D        | Noticed a komodo dragon
   730 | D        | Killed a komodo dragon
   730 | D        | Reached XP level 10. HP: 61/66 MP: 9/16
   780 | D        | Noticed a black mamba
   780 | D        | Noticed a komodo dragon
   780 | D        | Noticed a komodo dragon
   780 | D        | Noticed a yak
   780 | D        | Noticed a komodo dragon
   787 | D        | Noticed a giant frog
   787 | D        | Killed a komodo dragon
   792 | D        | Killed a yak
   795 | D        | Noticed a porcupine
   801 | D        | Killed a komodo dragon
   808 | D        | Noticed a water moccasin
   812 | D        | Killed a komodo dragon
   830 | D        | Killed a black mamba
   837 | D        | Killed a giant frog
   843 | D        | Killed a porcupine
   849 | D        | Killed a water moccasin
   923 | D        | Noticed an elephant
   923 | D        | Noticed a dire elephant
   923 | D        | Noticed a dire elephant
   923 | D        | Noticed an elephant
   923 | D        | Noticed an elephant
   923 | D        | Noticed an elephant
   924 | D        | Noticed a dire elephant
   932 | D        | Killed an elephant
   932 | D        | Reached skill level 13 in Armour
   963 | D        | Killed a dire elephant
   963 | D        | Reached skill level 10 in Fighting
   968 | D        | Killed an elephant
   968 | D        | Reached XP level 11. HP: 50/72 MP: 12/18
   990 | D        | Killed a dire elephant
  1013 | D        | Killed a dire elephant
  1013 | D        | Reached skill level 14 in Armour
  1013 | D        | Reached skill level 10 in Invocations
  1030 | D        | Killed an elephant
  1041 | D        | Killed an elephant
  1043 | D        | Noticed an elephant
  1055 | D        | Killed an elephant
  1344 | D        | Noticed an orc priest
  1344 | D        | Noticed an orc warrior
  1345 | D        | Noticed an orc wizard
  1346 | D        | Noticed an orc sorcerer
  1356 | D        | Killed an orc warrior
  1363 | D        | Noticed an orc priest
  1365 | D        | Noticed an orc priest
  1379 | D        | Killed an orc sorcerer
  1410 | D        | Killed an orc priest
  1417 | D        | Killed an orc wizard
  1425 | D        | Killed an orc priest
  1430 | D        | Killed an orc priest
  1702 | D        | Noticed an orc warrior
  1716 | D        | Killed an orc warrior
  1763 | D        | Noticed an orc priest
  1763 | D        | Noticed an orc warrior
  1763 | D        | Noticed an orc warrior
  1763 | D        | Noticed an orc warrior
  1763 | D        | Noticed an orc warrior
  1763 | D        | Noticed an orc warrior
  1768 | D        | Noticed an orc warrior
  1774 | D        | Killed an orc warrior
  1779 | D        | Killed an orc warrior
  1779 | D        | Received a gift from Okawaru
  1780 | D        | Noticed an orc warrior
  1781 | D        | Noticed an orc sorcerer
  1789 | D        | Killed an orc warrior
  1824 | D        | Killed an orc warrior
  1833 | D        | Killed an orc warrior
  1846 | D        | Killed an orc sorcerer
  1850 | D        | Killed an orc warrior
  1854 | D        | Killed an orc warrior
  1863 | D        | Killed an orc priest
  1986 | D        | Noticed an orc priest
  1995 | D        | Killed an orc priest
  2019 | D        | Noticed an orc warrior
  2026 | D        | Killed an orc warrior
  2062 | D        | Noticed an orc warrior
  2070 | D        | Killed an orc warrior
  2101 | D        | Found Feuvuron's Assorted Antiques.
  2101 | D        | Noticed an orc high priest
  2101 | D        | Noticed an orc knight
  2101 | D        | Noticed an orc high priest
  2101 | D        | Noticed an orc knight
  2101 | D        | Noticed an orc knight
  2104 | D        | Noticed an orc high priest
  2106 | D        | Noticed an ice devil
  2153 | D        | Killed an orc knight
  2165 | D        | Killed an orc knight
  2165 | D        | Reached skill level 15 in Shields
  2176 | D        | Killed an orc high priest
  2176 | D        | Reached skill level 15 in Armour
  2248 | D        | Killed an orc knight
  2248 | D        | Reached XP level 12. HP: 70/80 MP: 18/20
  2362 | D        | Killed an orc high priest
  2428 | D        | Killed an orc high priest
  2445 | D        | Noticed an orc high priest
  2456 | D        | Killed an orc high priest
  2470 | D        | Found Jomus's Distillery.
  2474 | D        | Found Zunkaitec's General Store.
  2476 | D        | Noticed an orc knight
  2477 | D        | Found Hyforghych's Food Shop.
  2478 | D        | Noticed an orc high priest
  2498 | D        | Killed an orc knight
  2505 | D        | Noticed an orc knight
  2506 | D        | Noticed an orc high priest
  2510 | D        | Noticed an orc high priest
  2517 | D        | Killed an orc high priest
  2518 | D        | Noticed an orc knight
  2534 | D        | Killed an orc knight
  2534 | D        | Received a gift from Okawaru
  2687 | D        | Killed an orc high priest
  2687 | D        | Reached skill level 16 in Shields
  2704 | D        | Killed an orc high priest
  2816 | D        | Killed an orc knight
  2891 | D        | Noticed Erolcha
  2904 | D        | Killed Erolcha
  2904 | D        | Reached skill level 15 in Maces & Flails
  2966 | D        | Got the +4 morningstar of the Omega Point {pain, rC+}
  3066 | D        | Noticed a giant frog
  3066 | D        | Noticed a hill giant
  3066 | D        | Noticed a hill giant
  3066 | D        | Noticed a centaur
  3066 | D        | Noticed an ice beast
  3066 | D        | Noticed a hill giant
  3071 | D        | Noticed a giant frog
  3071 | D        | Killed a hill giant
  3072 | D        | Killed an ice beast
  3074 | D        | Noticed an ogre mage
  3078 | D        | Killed a hill giant
  3083 | D        | Noticed a tengu warrior
  3083 | D        | Killed a hill giant
  3084 | D        | Noticed a frost giant
  3086 | D        | Killed a centaur
  3089 | D        | Killed a giant frog
  3091 | D        | Noticed a centaur warrior
  3091 | D        | Killed a giant frog
  3095 | D        | Noticed an ice dragon
  3110 | D        | Killed a frost giant
  3115 | D        | Killed an ogre mage
  3115 | D        | Reached skill level 17 in Shields
  3115 | D        | Reached XP level 13. HP: 49/87 MP: 21/21
  3120 | D        | Killed a tengu warrior
  3125 | D        | Killed a centaur warrior
  3126 | D        | Noticed a slime creature
  3131 | D        | Noticed a stone giant
  3144 | D        | Killed an ice dragon
  3144 | D        | Reached skill level 10 in Dodging
  3150 | D        | Killed a slime creature
  3157 | D        | Slain by a stone giant

Vault maps used:
D:        linesprint

Action                   |  1- 3 |  4- 6 |  7- 9 | 10-12 | 13-15 || total
-------------------------+-------+-------+-------+-------+-------++-------
Melee: Flail             |    48 |    44 |   153 |   513 |       ||   758
       Morningstar       |       |       |       |    42 |    40 ||    82
Invok: Heroism           |       |       |     2 |    16 |       ||    18
       Finesse           |       |       |     1 |    10 |       ||    11
  Use: Potion            |     1 |     1 |     1 |     3 |       ||     6
       Scroll            |       |       |     2 |       |       ||     2
  Eat: Chunk             |       |       |       |     4 |       ||     4
       Bread ration      |       |       |       |     2 |       ||     2
